 Dungeon Crawl Stone Soup version 0.21-a0-513-gdcb3f5e (webtiles) character file.

75498 tof the Warrior (level 15, -9/146 HPs)
             Began as a Minotaur Gladiator on Dec 1, 2017.
             Was the Champion of Wu Jian.
             Mangled by an orc warrior
             ... wielding a +0 long sword
              (21 damage)
             ... on level 1 of the Orcish Mines.
             The game lasted 01:10:19 (28754 turns).

tof the Warrior (Minotaur Gladiator)               Turns: 28754, Time: 01:10:20

Health: -9/146     AC: 21    Str: 21    XL:     15   Next: 9%
Magic:  20/20      EV: 18    Int: 11    God:    Wu Jian [******]
Gold:   1689       SH:  0    Dex: 16    Spells: 14/14 levels left

rFire    + . .     SeeInvis .   p - +6 dire flail "Ubetontu" {crush, rC+}
rCold    + + .     Gourm    +   (shield currently unavailable)
rNeg     . . .     Faith    .   W - -2 plate armour (curse)
rPois    +         Spirit   .   c - +0 hat
rElec    .         Reflect  .   G - scarf {rC+ rF+}
rCorr    +         Harm     .   R - +2 pair of gloves
MR       +....                  u - +2 pair of boots
Stlth    ..........             D - amulet of the gourmand
HPRegen  0.34/turn              N - ring "Pairur" {rCorr *Drain +Inv rPois Int+6}
MPRegen  0.17/turn              M - ring of Phasing {EV+8}

@: lethally poisoned (-9 -> -10), very slightly contaminated, invisible
A: retaliatory headbutt, horns 2, talons 1, poison resistance
a: Serpent's Lash, Heavenly Storm, Renounce Religion


You were on level 1 of the Orcish Mines.
You worshipped Wu Jian.
Wu Jian was exalted by your worship.
You were very full.

You visited 4 branches of the dungeon, and saw 22 of its levels.

You collected 1689 gold pieces.

Inventory:

Hand Weapons
 a - a +0 quarterstaff
 p - the +6 dire flail "Ubetontu" (weapon) {crush, rC+}
   (You found it on level 4 of the Lair of Beasts)

   It inflicts extra damage upon your enemies.
   It protects you from cold.
Missiles
 d - 4 throwing nets
 B - 4 tomahawks
 J - 6 javelins
 P - 2 poisoned javelins (quivered)
Armour
 c - a +0 hat (worn)
 u - a +2 pair of boots (worn)
 G - a scarf of resistance (worn)
 R - a +2 pair of gloves (worn)
 W - a cursed -2 plate armour (worn)
Jewellery
 f - an uncursed ring of ice {unknown}
 r - an uncursed amulet of rage
 D - an amulet of the gourmand (around neck)
 M - the ring of Phasing (right hand) {EV+8}
   (You found it on level 6 of the Dungeon)

   [ring of evasion]

   It affects your evasion (+8).
 N - the ring "Pairur" (left hand) {rCorr *Drain +Inv rPois Int+6}
   (You found it on level 9 of the Dungeon)

   [ring of resist corrosion]

   It affects your intelligence (+6).
   It protects you from poison.
   It lets you turn invisible.
   It causes draining when unequipped.
 S - the ring of Rolyvuo {+Blink Str+5}
   (You found it on level 6 of the Lair of Beasts)

   [ring of strength]

   It affects your strength (+5).
   It lets you blink.
 Z - a +3 amulet of reflection
Wands
 b - a wand of iceblast (9)
 i - a wand of paralysis (19)
 y - a wand of polymorph (22)
 z - a wand of acid (3)
 F - a wand of enslavement (38)
 L - a wand of flame (41)
Scrolls
 h - 6 scrolls of teleportation
 l - 6 scrolls of enchant weapon
 m - a scroll of torment {unknown}
 q - 7 scrolls of remove curse
 s - a scroll of acquirement {unknown}
 t - 2 scrolls of fear
 E - 3 scrolls of magic mapping
 H - a scroll of summoning {unknown}
 Q - a scroll of blinking
 T - 2 scrolls of enchant armour
Potions
 e - a potion of magic {unknown}
 j - a potion of might
 k - 5 potions of haste {unknown}
 n - 2 potions of degeneration {unknown}
 o - 2 potions of invisibility
 v - 5 potions of brilliance {unknown}
 A - 3 potions of ambrosia
 C - 5 potions of curing
 K - 3 potions of flight
 U - 3 potions of resistance
 V - 2 potions of agility
Miscellaneous
 w - a lamp of fire
 X - a lightning rod (4/4)
Comestibles
 x - 9 fruits
 O - a meat ration
 Y - 3 bread rations


   Skills:
 * Level 16.8 Fighting
 * Level 10.5(13.5) Maces & Flails
 - Level 14.0(15.2) Staves
 + Level 9.2 Throwing
 + Level 13.7 Armour
 - Level 5.7 Dodging
 + Level 8.2 Evocations


You had 14 spell levels left.
You didn't know any spells.

Dungeon Overview and Level Annotations

Branches:
Dungeon (14/15)            Temple (1/1) D:4            Lair (6/6) D:9
  Swamp (0/4) Lair:3       Spider (0/4) Lair:4        Slime (0/5) Lair:6
    Orc (1/2) D:11
 Vaults: D:13-14

Altars:
Ashenzari
Cheibriados
Dithmenos
Elyvilon
Fedhas
Gozag
Hepliaklqana
Kikubaaqudgha
Makhleb
Nemelex Xobeh
Okawaru
Qazlal
Ru
Sif Muna
Trog
Uskayaw
Vehumet
Wu Jian
Xom
Yredelemnul
Zin
The Shining One
Beogh
Lugonu

Shops:
D:8 (   D:9 }

Annotations:
D:7 Menkaure
D:10 3 runed doors, exclusion: orange crystal statue


Innate Abilities, Weirdness & Mutations

You reflexively headbutt those who attack you in melee.
You have a pair of horns on your head.
You have sharp toenails.
Your system is resistant to poisons. (rPois)


Message History

The orc warrior no longer looks unusually strong.
The orc warrior hits you with a short sword!
* * * LOW HITPOINT WARNING * * *
The troll barely misses you. The troll misses you. x2
The orc warrior misses you.
You hit the orc sorcerer but do no damage.
The troll barely misses you. x2; The troll completely misses you.
The orc warrior misses you.
The orc warrior hits you with a short sword!
* * * LOW HITPOINT WARNING * * *
You catch the helpless orc warlord completely off-guard!
You impale the orc warlord!! You headbutt the orc warlord!
The orc warlord is moderately wounded.
You feel sick.
The orc warrior hits you but does no damage.
The troll barely misses you. The troll claws you but does no damage.
The troll completely misses you. x2; The troll closely misses you. x2
The orc priest hits you but does no damage.
The orc warrior hits you with a long sword!!
You die...

.... ####..$.#
## ##.#.....$
##.##...#.....
#...#.........
#............
##..#o.)[.....
#....Too#
#...oo@##
##.#.ooT# #
#.oo#..
#..$##...
##.## #.... ##
.... #.. .$


You could see an orc warlord, 2 trolls, an orc sorcerer, 4 orc warriors, an orc
priest and 2 orcs.

Vanquished Creatures
  Kirke (D:13)
  5 hydras
  Erolcha (D:9)
  A merfolk avatar (Lair:6)
  7 two-headed ogres
  Erica (D:9)
  13 death yaks
  An ogre mage (D:12)
  3 tengu warriors
  The ghost of Dustman the Slasher, a novice HuGl of Cheibriados (D:7)
  4 unseen horrors
  A sea snake (Lair:5)
  Pikel (D:7)
  2 harpies (Lair:6)
  A cyclops (D:14)
  4 ugly things
  2 oklob plants (Lair:4)
  A manticore (shapeshifter) (D:13)
  A wolf spider (Lair:4)
  2 guardian serpents (D:10)
  2 black mambas
  Maurice (D:9)
  3 manticores
  10 elephants
  Psyche (D:9)
  2 torpor snails (Lair:6)
  Joseph (D:7)
  A gargoyle (D:13)
  16 spiny frogs
  6 rime drakes
  A freezing wraith (D:13)
  14 komodo dragons
  2 trolls
  2 polar bears
  3 hornets
  A wind drake (Lair:5)
  5 dream sheep
  17 hippogriffs
  3 blink frogs (Lair:1)
  A spriggan (shapeshifter) (D:13)
  39 yaks
  3 wyverns
  3 hogs (D:10)
  A human (D:10)
  4 basilisks
  2 hungry ghosts
  2 vampire mosquitoes (D:12)
  Grum (D:9)
  A steam dragon (D:10)
  3 acid dragons
  4 soldier ants
  7 porcupines
  7 water moccasins
  5 ice beasts
  10 orc warriors
  2 black bears
  2 necrophages
  3 phantoms
  2 sky beasts (D:12)
  11 ogres
  6 wolves
  2 eyes of draining
  7 small abominations (D:9)
  The ghost of arkorax the Stinger, an amateur GnVM (D:3)
  4 centaurs
  15 crocodiles
  A big kobold (D:11)
  A big kobold (shapeshifter) (D:13)
  22 bullfrogs
  13 killer bees
  11 wights
  7 electric eels
  3 howler monkeys
  7 crimson imps
  2 bullfrog zombies
  A quasit (D:7)
  3 centaur zombies
  15 jellies
  15 orc wizards
  4 bullfrog skeletons
  5 hounds
  7 orc priests
  5 centaur skeletons
  Natasha (D:3)
  14 worker ants
  4 iguanas
  A killer bee zombie (D:7)
  A hound skeleton (D:10)
  A howler monkey zombie (D:5)
  Robin (D:4)
  7 gnolls
  2 worker ant zombies
  10 adders
  3 oozes
  An adder skeleton (D:5)
  2 worms
  A dart slug (D:4)
  3 leopard geckos
  57 orcs
  6 giant cockroaches
  8 goblins
  15 hobgoblins
  10 jackals
  6 quokkas
  A ball python (D:2)
  8 bats
  6 frilled lizards
  12 kobolds
  A quokka zombie (D:6)
  6 rats
  A bush (Lair:2)
  A butterfly (Lair:4)
  2 plants (Lair:5)
606 creatures vanquished.

Vanquished Creatures (others)
  3 humans (D:13)
  A slave (D:7)
  An orc priest (D:13)
  A shadow imp (D:7)
  2 orcs (Orc:1)
  16 fungi
  30 plants
54 creatures vanquished.

Grand Total: 660 creatures vanquished

Notes
Turn   | Place    | Note
-------+----------+-------------------------------------------
     0 | D:1      | tof the Minotaur Gladiator began the quest for the Orb.
     0 | D:1      | Reached XP level 1. HP: 18/18 MP: 0/0
   106 | D:1      | Reached XP level 2. HP: 17/25 MP: 1/1
   307 | D:1      | Reached skill level 1 in Armour
   630 | D:1      | Reached XP level 3. HP: 30/30 MP: 2/2
  1312 | D:2      | Reached skill level 3 in Fighting
  1328 | D:2      | Reached XP level 4. HP: 23/38 MP: 3/3
  1972 | D:3      | Noticed arkorax's ghost (amateur GnVM)
  1992 | D:3      | Reached skill level 5 in Staves
  2199 | D:3      | Killed arkorax's ghost
  2199 | D:3      | Reached XP level 5. HP: 38/46 MP: 4/4
  2760 | D:4      | Noticed Natasha
  2776 | D:3      | Killed Natasha
  2985 | D:4      | Reached XP level 6. HP: 38/52 MP: 5/5
  3139 | D:4      | Noticed Robin
  3169 | D:4      | Reached skill level 4 in Fighting
  3192 | D:4      | Killed Robin
  3335 | D:4      | Found a staircase to the Ecumenical Temple.
  3903 | D:5      | Entered Level 5 of the Dungeon
  3903 | D:5      | Noticed an ice beast
  3942 | D:5      | Reached XP level 7. HP: 19/60 MP: 6/6
  4218 | D:5      | Reached skill level 5 in Dodging
  4265 | D:5      | Reached skill level 5 in Fighting
  4749 | D:6      | Reached XP level 8. HP: 65/69 MP: 7/7
  4982 | D:6      | Found the ring of Phasing {EV+8}
  5157 | D:6      | Reached skill level 5 in Armour
  5523 | D:7      | Noticed Joseph
  5537 | D:7      | Killed Joseph
  5537 | D:7      | Reached skill level 6 in Fighting
  5695 | D:7      | Noticed Dustman's ghost (novice HuGl)
  5697 | D:7      | Noticed Pikel
  5698 | D:7      | Noticed Menkaure
  6159 | D:7      | Found a stormy altar of Qazlal.
  6160 | D:7      | Noticed an air elemental
  6268 | D:7      | Reached XP level 9. HP: 68/78 MP: 8/8
  6362 | D:7      | Killed Pikel
  6362 | D:7      | Reached skill level 7 in Fighting
  6362 | D:7      | Reached skill level 10 in Staves
  6464 | D:7      | Found a deep blue altar of Sif Muna.
  6628 | D:7      | Killed Dustman's ghost
  6675 | D:8      | Reached skill level 8 in Fighting
  6677 | D:8      | Found Mukluno's Antique Weapon Boutique.
  6922 | D:8      | Found a burning altar of Makhleb.
  7078 | Temple   | Entered the Ecumenical Temple
  7186 | Temple   | Became a worshipper of the Wu Jian Council
  7673 | D:9      | Found a staircase to the Lair.
  7673 | D:9      | Noticed an elephant
  8019 | D:8      | Reached XP level 10. HP: 79/90 MP: 9/9
  8051 | D:8      | Killed an elephant
  8434 | D:9      | Noticed Maurice
  8435 | D:9      | Found an ancient bone altar of Kikubaaqudgha.
  8437 | D:9      | Found a shattered altar of Ashenzari.
  8437 | D:9      | Paralysed by Maurice for 3 turns
  8450 | D:9      | Killed Maurice
  8450 | D:9      | Reached skill level 9 in Fighting
  8451 | D:9      | Found a blossoming altar of Fedhas.
  8519 | D:9      | Noticed a two-headed ogre
  8596 | D:9      | Killed a two-headed ogre
  8790 | D:9      | Noticed Erolcha
  8790 | D:9      | Noticed Erica
  8796 | D:9      | Killed Erica
  8804 | D:9      | Killed Erolcha
  8858 | D:9      | Noticed Psyche
  8865 | D:9      | Killed Psyche
  8865 | D:9      | Reached skill level 10 in Fighting
  8916 | D:9      | Noticed Grum
  8924 | D:9      | Killed Grum
  8992 | D:9      | Found Wafruemina's Gadget Shop.
  9248 | D:9      | Found a transporter.
  9251 | D:9      | Found a corrupted altar of Lugonu.
  9278 | D:9      | Noticed a purple ugly thing
  9279 | D:9      | Noticed a red ugly thing
  9282 | D:9      | Noticed a purple ugly thing
  9284 | D:9      | Reached XP level 11. HP: 99/99 MP: 10/10
  9291 | D:9      | Reached * piety under Wu Jian
  9299 | D:9      | Found a transporter.
  9300 | D:9      | Got a slimy bone ring
  9301 | D:9      | Identified the ring "Pairur" {rCorr *Drain +Inv rPois Int+6} (You found it on level 9 of the Dungeon)
  9705 | D:10     | Entered Level 10 of the Dungeon
  9756 | D:10     | Found a runed door.
  9778 | D:10     | Found a runed door.
  9790 | D:10     | Found a runed door.
  9860 | D:10     | Found a runed door.
  9967 | D:10     | Reached skill level 1 in Evocations
 10127 | D:10     | Reached skill level 10 in Armour
 10493 | D:10     | Noticed an orange crystal statue
 12026 | Lair:1   | Entered Level 1 of the Lair of Beasts
 12076 | Lair:1   | Reached ** piety under Wu Jian
 12076 | Lair:1   | Reached skill level 11 in Fighting
 13812 | Lair:2   | Reached skill level 12 in Fighting
 13889 | Lair:2   | Reached XP level 12. HP: 23/112 MP: 13/13
 14257 | Lair:2   | Noticed an eight-headed hydra
 14271 | Lair:2   | Killed an eight-headed hydra
 14482 | Lair:2   | Reached skill level 5 in Throwing
 15031 | Lair:3   | Noticed an eight-headed hydra
 15089 | Lair:3   | Found a staircase to the Swamp.
 15488 | Lair:3   | Noticed a death yak
 15492 | Lair:3   | Noticed a death yak
 15495 | Lair:3   | Noticed a death yak
 15495 | Lair:3   | Noticed a death yak
 15495 | Lair:3   | Noticed a death yak
 15496 | Lair:3   | Noticed a death yak
 15504 | Lair:3   | Killed a death yak
 15820 | Lair:2   | Killed a death yak
 16012 | Lair:1   | HP: 3/113 [death yak (13)]
 16014 | Lair:1   | Killed a death yak
 16014 | Lair:1   | Reached skill level 13 in Fighting
 17234 | Lair:3   | Reached skill level 5 in Evocations
 17390 | Lair:3   | Killed a death yak
 17706 | Lair:3   | Reached *** piety under Wu Jian
 18833 | Lair:4   | Got a shimmering dire flail
 18834 | Lair:4   | Identified the +6 dire flail "Ubetontu" {crush, rC+} (You found it on level 4 of the Lair of Beasts)
 18972 | Lair:4   | Found a hole to the Spider Nest.
 18978 | Lair:4   | Reached skill level 14 in Fighting
 19003 | Lair:4   | Reached skill level 1 in Maces & Flails
 19011 | Lair:4   | Gained mutation: Your system is resistant to poisons. (rPois) [potion of mutation]
 19011 | Lair:4   | Gained mutation: You tend to lose your temper in combat. [potion of mutation]
 19011 | Lair:4   | Gained mutation: You are dopey. (Int -2) [potion of mutation]
 19011 | Lair:4   | Gained mutation: You are robust. (+10% HP) [potion of mutation]
 19265 | Lair:4   | Noticed a six-headed hydra
 19272 | Lair:4   | Killed a six-headed hydra
 19272 | Lair:4   | Reached XP level 13. HP: 67/136 MP: 16/16
 21213 | Lair:6   | Entered Level 6 of the Lair of Beasts
 21330 | Lair:5   | Reached skill level 5 in Maces & Flails
 21925 | Lair:6   | Reached skill level 15 in Fighting
 22220 | Lair:6   | Reached **** piety under Wu Jian
 22299 | Lair:6   | Found a staircase to the Slime Pits.
 22502 | Lair:6   | Reached XP level 14. HP: 148/148 MP: 18/18
 23949 | Lair:6   | Got a smoking silver ring
 23966 | Lair:6   | Identified the ring of Rolyvuo {+Blink Str+5} (You found it on level 6 of the Lair of Beasts)
 25001 | D:11     | Found a roughly hewn altar of Beogh.
 25005 | D:11     | Found a staircase to the Orcish Mines.
 25011 | D:11     | Reached ***** piety under Wu Jian
 25437 | D:11     | Reached skill level 16 in Fighting
 25879 | D:12     | Gained mutation: You have sharp toenails. [mutagenic meat]
 25880 | D:12     | Lost mutation: You are dopey. (Int -2) [mutagenic meat]
 25881 | D:12     | Lost mutation: You are robust. (+10% HP) [mutagenic meat]
 25930 | D:12     | Found an ornate altar of the Wu Jian Council.
 26016 | D:12     | Lost mutation: You tend to lose your temper in combat. [mutagenic meat]
 26978 | D:13     | Noticed Kirke
 26992 | D:13     | Killed Kirke
 26992 | D:13     | Reached skill level 10 in Maces & Flails
 27618 | D:13     | Reached ****** piety under Wu Jian
 27933 | D:14     | Reached XP level 15. HP: 139/145 MP: 20/20
 28733 | Orc:1    | Entered Level 1 of the Orcish Mines
 28733 | Orc:1    | Noticed an orc warlord
 28754 | Orc:1    | Mangled by an orc warrior

Vault maps used:
D:1:      dpeg_arrival_rhombus, minmay_misc_feat_plants
D:4:      minmay_temple_entry_statues, lemuel_statue_altar, uniq_robin,
          uniq_natasha
D:5:      first_bread
D:6:      corner_web_ring, minivault_26
D:7:      kennysheep_little_box, nicolae_qazlal_style_of_elements, uniq_pikel,
          uniq_menkaure, uniq_joseph
D:8:      overflow_temple_1_default, serial_shops, nicolae_shop_stone,
          hangedman_decor_riveting
D:9:      gammafunk_corrupted_shrine, grunt_temple_overflow_open,
          david_lair_generic, serial_shops, nicolae_shop_trees, uniq_erolcha,
          uniq_maurice, uniq_psyche, uniq_erica, uniq_grum
D:10:     nrook_guardian_serpent_snake_passage, grunt_livestock,
          minmay_statue_crystal_thing
D:11:     david_orc_5
D:12:     basic_altar
D:13:     hangedman_abyss_or_decor_passed, uniq_kirke
D:14:     hangedman_vaults_entry_quadrant_bands, grunt_decor_clamped,
          minmay_statues_item, nooodl_food_tri
Temple:   regret_index_temple_sphere_string
Lair:1:   lemuel_fruit_tree, infiniplex_staircase_pool
Lair:2:   serial_forest, infiniplex_forest_clump_tiny,
          infiniplex_forest_clump_diagonal, infiniplex_forest_clump_long,
          infiniplex_forest_pool, infiniplex_forest_zigzag_1,
          infiniplex_forest_corner_1, infiniplex_forest_lined_room_3,
          infiniplex_forest_clump_tiny
Lair:3:   minmay_swamp_entry_eels, wad_woods_river_01
Lair:4:   spider_nest_entry_rubble, serial_bayou_shore_b,
          infiniplex_staircase_pool_2, minmay_lair_oklob_chamber,
          lemuel_fruit_fields
Lair:5:   serial_bayou_lagoon_a, cheibrodos_lair_caveside_slide
Lair:6:   gammafunk_lair_ancient_temple, minmay_slime_entry_jelly_boxes,
          grunt_megastairs_3
Orc:1:    nicolae_volcano_entry_two_sided, serial_shops, shop,
          nicolae_shop_window_shopping, nicolae_shop_crystal, shop,
          uniq_nergalle

Skill      XL: |  1  2  3  4  5  6  7  8  9 10 11 12 13 14 |
---------------+-------------------------------------------+-----
Staves         | 4 5 6 8 9 12 13 14 | 14.0
Armour         | 1 2 3 4 6 8 9 10 12 13 | 13.7
Fighting       | 3 4 5 6 8 10 12 14 15 16 | 16.8
Dodging        | 4 5 |  5.7
Evocations     | 3 5 6 8 |  8.2
Throwing       | 4 6 7 9 |  9.2
Maces & Flails | 2 7 10 | 10.5

Action                   |  1- 3 |  4- 6 |  7- 9 | 10-12 | 13-15 || total
-------------------------+-------+-------+-------+-------+-------++-------
Melee: Quarterstaff      |    69 |   144 |   226 |   911 |       ||  1350
       Headbutt          |     8 |    24 |    56 |   259 |   218 ||   565
       Dire flail        |       |       |       |    25 |   892 ||   917
Throw: Javelin           |       |       |     3 |    64 |     7 ||    74
       Tomahawk          |       |       |       |     7 |       ||     7
       Throwing net      |       |       |       |     4 |       ||     4
 Abil: Evoke Berserk Rag |       |       |       |       |     1 ||     1
       Evoke Invisibilit |       |       |       |       |     1 ||     1
  Use: Scroll            |       |       |    10 |     8 |     6 ||    24
       Potion            |       |       |       |     3 |     2 ||     5
 Stab: Held in net/web   |       |       |       |     1 |       ||     1
       Invisible         |       |       |       |       |     9 ||     9
  Eat: Chunk             |       |    10 |    32 |    44 |    43 ||   129
Armor: Leather armour    |     9 |       |       |       |       ||     9
       Scale mail        |     7 |    57 |    35 |       |       ||    99
       Ring mail         |       |       |    27 |   115 |   163 ||   305
       Plate armour      |       |       |       |       |   153 ||   153
Dodge: Dodged            |    63 |   129 |   265 |   626 |   767 ||  1850

Table legend:
 A = Spawn XP
 B = Non-spawn XP
 C = Spawn XP percentage of total XP
 D = Spawn monster count
 E = Non-spawn monster count
 F = Spawn count percentage of total count
 G = Total turns spent on level
                    A         B        C        D         E        F      G
               +---------+---------+-------+---------+---------+-------+---------
         Total |       0 |  107855 |   0.0 |       0 |     603 |   0.0 | 28754
               +---------+---------+-------+---------+---------+-------+---------
           D:1 |       0 |      55 |   0.0 |       0 |      29 |   0.0 |  1286
           D:2 |       0 |      64 |   0.0 |       0 |      14 |   0.0 |   708
           D:3 |       0 |     247 |   0.0 |       0 |      27 |   0.0 |   967
           D:4 |       0 |     219 |   0.0 |       0 |      30 |   0.0 |   999
           D:5 |       0 |     835 |   0.0 |       0 |      17 |   0.0 |   852
           D:6 |       0 |     364 |   0.0 |       0 |      12 |   0.0 |   990
           D:7 |       0 |    2417 |   0.0 |       0 |      14 |   0.0 |   997
           D:8 |       0 |    1862 |   0.0 |       0 |      23 |   0.0 |  1219
           D:9 |       0 |    7923 |   0.0 |       0 |      30 |   0.0 |  2118
          D:10 |       0 |    3854 |   0.0 |       0 |      35 |   0.0 |  2315
          D:11 |       0 |    3015 |   0.0 |       0 |      49 |   0.0 |   830
          D:12 |       0 |   11108 |   0.0 |       0 |      53 |   0.0 |  1021
          D:13 |       0 |    9697 |   0.0 |       0 |      44 |   0.0 |  1249
          D:14 |       0 |    4686 |   0.0 |       0 |      17 |   0.0 |   677
        Lair:1 |       0 |    4245 |   0.0 |       0 |      17 |   0.0 |  2109
        Lair:2 |       0 |    6545 |   0.0 |       0 |      26 |   0.0 |  2149
        Lair:3 |       0 |    7650 |   0.0 |       0 |      30 |   0.0 |  1997
        Lair:4 |       0 |    5023 |   0.0 |       0 |      14 |   0.0 |  1675
        Lair:5 |       0 |   18346 |   0.0 |       0 |      50 |   0.0 |  2816
        Lair:6 |       0 |   19112 |   0.0 |       0 |      63 |   0.0 |  1625
         Orc:1 |       0 |     588 |   0.0 |       0 |       9 |   0.0 |    21
               +---------+---------+-------+---------+---------+-------+---------
